 Dungeon Crawl Stone Soup version bcrawl-1.26.1 (webtiles) character file.

Game seed: 8548525186948739899

465742 Freyura the Grappler (level 10, -4/104 HPs)
             Began as a Troll Martial Artist on July 11, 2020.
             Was a High Priest of Wu Jian.
             Slain by an 11-headed hydra (6 damage)
             ... on level 9 of the Dungeon.
             The game lasted 00:33:20 (6467 turns).

Freyura the Grappler (Troll Martial Artist)         Turns: 6467, Time: 00:33:20

Health: -4/104     AC: 11    Str: 22    XL:     10   Next: 95%
Magic:  12/12      EV: 11    Int:  6    God:    Wu Jian [*****.]
Gold:   1001       SH:  0    Dex: 15    Spells: 10/11 levels left

rFire    . . .     SeeInvis .     - Claws (33.4)
rCold    . . .     Gourm    +   (no shield)
rNeg     + . .     Faith    .   (armour unavailable)
rPois    .         Spirit   .   (helmet restricted)
rElec    .         Reflect  .   u - +2 ratskin cloak {+Rats rN+}
rCorr    .         Harm     .   (gloves unavailable)
MR       .....                  (boots unavailable)
Stlth    ++++......             (no amulet)
HPRegen  0.67/turn              h - ring of stealth
MPRegen  0.13/turn              (no ring)

@: no status effects
A: large, almost no armour, unfitting armour, claws 3, fast metabolism 3,
gourmand, regeneration 1, AC +8
a: Wall Jump, Serpent's Lash, Heavenly Storm, Renounce Religion, Evoke Ratskin


You were on level 9 of the Dungeon.
You worshipped Wu Jian.
Wu Jian was extremely pleased with you.
You were completely stuffed.

You visited 1 branch of the dungeon, and saw 9 of its levels.
You also visited: Ossuary.

You collected 1001 gold pieces.

Inventory:

Armour
 u - the +2 ratskin cloak (worn) {+Rats rN+}
   (You found it on level 6 of the Dungeon)

   It protects you from negative energy.
Jewellery
 h - a ring of stealth (left claw)
Wands
 n - a wand of iceblast (5)
 t - a wand of digging (8)
Scrolls
 b - 6 scrolls of teleportation
 c - 5 scrolls of remove curse
 d - 2 scrolls of magic mapping {unknown}
 f - 2 scrolls of fear {unknown}
 i - 4 scrolls of fog {unknown}
 l - a scroll of torment {unknown}
 o - 3 scrolls of enchant armour {unknown}
 p - a scroll of amnesia {unknown}
 w - 3 scrolls of identify
 y - a scroll of silence {unknown}
Potions
 a - a potion of agility
 g - 2 potions of brilliance
 j - 4 potions of flight
 k - 2 potions of ambrosia
 m - a potion of lignification
 q - 6 potions of curing
 r - 2 potions of haste {unknown}
 s - 3 potions of mutation {unknown}
 v - 3 potions of degeneration {unknown}
 x - a potion of might {unknown}
Comestibles
 e - 21 rations {!d}
 z - 3 chunks of flesh


   Skills:
 + Level 8.3 Fighting
 - Level 2.4 Dodging
 - Level 0.4 Stealth
 * Level 13.1 Unarmed Combat
 - Level 1.0 Spellcasting
 - Level 1.0 Hexes
 + Level 4.2 Evocations


You had 10 spell levels left.
You knew the following spells:

 Your Spells              Type           Power        Failure   Level  Hunger
a - Confusing Touch       Hex            #.......     30%         1    ##.....

Your spell library contained the following spells:

 Spells                   Type           Power        Failure   Level  Hunger
 Slow                     Hex            #.......     30%         1    ##.....
 Apportation              Tloc           #.....       41%         1    ##.....
 Infusion                 Chrm           #.......     41%         1    ##.....
 Sandblast                Erth           #.....       41%         1    ##.....
 Summon Butterflies       Summ           #.......     41%         1    ##.....
 False Image              Hex/Summ       #.......     73%         3    ####...
 Monstrous Menagerie      Summ           #.........   100%        7    #######
 Dragon's Call            Summ           #.........   100%        9    #######


Dungeon Overview and Level Annotations

Branches:
Dungeon (9/12)             Temple (0/1) D:4            Lair (0/6) D:9
    Orc: D:8-11

Altars:
Ashenzari
Makhleb
Sif Muna
Uskayaw
Xom
Yredelemnul
Zin
The Shining One

Shops:
D:4 [


Innate Abilities, Weirdness & Mutations

You cannot wear most types of armour.
Your thick skin is tough. (AC +8)
You are too large for most types of armour.
You have claws for hands.
Your metabolism is lightning-fast.
You like to eat raw meat.
Your natural rate of healing is unusually fast.


Message History

The nine-headed hydra closely misses you.
The nine-headed hydra bites you.
* * * LOW HITPOINT WARNING * * *
The nine-headed hydra barely misses you. x2
The nine-headed hydra bites you but does no damage.
The nine-headed hydra bites you.
* * * LOW HITPOINT WARNING * * *
The nine-headed hydra barely misses you. x2
The nine-headed hydra bites you!
* * * LOW HITPOINT WARNING * * *
You claw one of the nine-headed hydra's heads off!
The eight-headed hydra grows two more!
You scratch the ten-headed hydra.
The ten-headed hydra is moderately wounded.
You tear one of the ten-headed hydra's heads off!
The nine-headed hydra grows two more!
You mangle the 11-headed hydra!!
The 11-headed hydra is severely wounded.
The 11-headed hydra closely misses you.
The 11-headed hydra bites you but does no damage.
The 11-headed hydra bites you.
You die...

##.############....P......###
#............####....P....#
#............# +.........##
#............# #.........'
#............##########...#
#............#.)+.P≈PP#...#
#............#K.#≈≈≈≈P#...#
#............#D##P≈P.≈#...#
#............#@.#..†.)#...#
#.........<..#..p..†.≈.)..#
######.#######p.'.P...##'##
##.# #..'†...≈##.## #..#
#..#.....##..#
###'###################.####
#..........#####...........#
#..........##..............##
#...>......#..##.....).>.....


You could see a 11-headed hydra, a big kobold and 2 neutral freed slaves.

Vanquished Creatures
  Nergalle (D:9)
  Pikel (D:9)
  Maurice (D:9)
  2 centaur skeletons
  2 trolls
  2 hippogriffs
  A dream sheep (D:9)
  4 yaks (D:9)
  Eustachio (D:4)
  A wyvern (D:6)
  A hungry ghost (D:6)
  Menkaure (D:4)
  A crocodile (D:9)
  A water moccasin (D:6)
  A porcupine (D:9)
  2 black bears (D:9)
  A sky beast (D:5)
  A hornet zombie (D:8)
  4 ogres
  4 centaurs
  2 big kobolds (D:9)
  3 bullfrogs
  A wyvern skeleton (D:6)
  A scorpion (D:5)
  6 killer bees (D:7)
  4 wights (D:6)
  A howler monkey (D:6)
  3 crimson imps
  5 hounds
  A centaur zombie (D:4)
  A bullfrog skeleton (D:6)
  4 orc priests
  4 orc wizards
  2 iguanas
  5 worker ants
  A hell rat (D:6)
  A killer bee zombie (D:8)
  A hound skeleton (D:7)
  2 worker ant zombies
  9 mummies
  10 adders
  A howler monkey skeleton (D:8)
  6 river rats (D:6)
  2 shadow imps
  An adder zombie (D:4)
  2 oozes
  An adder skeleton (D:4)
  2 worms
  5 dart slugs
  6 leopard geckos
  28 orcs
  4 giant cockroaches
  A gnoll zombie (Ossuary)
  6 goblins
  12 hobgoblins
  3 quokkas (D:2)
  4 ball pythons
  A ball python skeleton (D:4)
  3 bats
  5 frilled lizards
  5 hobgoblin zombies
  9 kobolds
  2 kobold zombies (Ossuary)
  2 orc zombies (Ossuary)
  20 rats
  A butterfly (D:3)
232 creatures vanquished.

Vanquished Creatures (others)
  A dream sheep (D:9)
  A porcupine (D:9)
  A slave (D:9)
  A black bear (D:9)
  A hound (D:9)
  8 fungi (D:9)
  A plant (D:9)
14 creatures vanquished.

Grand Total: 246 creatures vanquished

Notes
Turn   | Place    | Note
-------+----------+-------------------------------------------
     0 | D:1      | Freyura the Troll Martial Artist began the quest for the
                  | Orb.
     0 | D:1      | Reached XP level 1. HP: 22/22 MP: 1/1
   112 | D:1      | Reached XP level 2. HP: 28/29 MP: 2/2
   490 | D:1      | Reached XP level 3. HP: 37/37 MP: 3/3
   922 | D:2      | Reached ** piety under Wu Jian
  1076 | D:2      | Found a shimmering blue altar of Sif Muna.
  1093 | D:2      | Found a basalt altar of Yredelemnul.
  1110 | D:2      | Found a shattered altar of Ashenzari.
  1113 | D:2      | Found a hide-covered altar of Uskayaw.
  1242 | D:2      | Gained mutation: Your natural rate of healing is unusually
                  | fast. [Troll growth]
  1242 | D:2      | Reached XP level 4. HP: 35/45 MP: 4/4
  1731 | D:3      | Reached skill level 5 in Unarmed Combat
  1780 | D:3      | Found a glowing golden altar of the Shining One.
  1840 | D:3      | Found a shimmering altar of Xom.
  1957 | D:3      | Reached *** piety under Wu Jian
  2054 | D:3      | Reached XP level 5. HP: 53/53 MP: 5/5
  2392 | D:4      | Found Lyecowo's Antique Armour Emporium.
  2601 | D:4      | Noticed an ogre
  2602 | D:4      | Noticed Menkaure
  2611 | D:4      | Killed an ogre
  2611 | D:4      | Reached skill level 6 in Unarmed Combat
  2611 | D:4      | Reached XP level 6. HP: 62/62 MP: 6/6
  2615 | D:4      | Killed Menkaure
  2731 | D:4      | Reached skill level 7 in Unarmed Combat
  2834 | D:4      | Reached XP level 7. HP: 71/71 MP: 7/7
  2895 | D:4      | Noticed Eustachio
  2904 | D:4      | Killed Eustachio
  3002 | D:4      | Reached **** piety under Wu Jian
  3002 | D:4      | Reached skill level 5 in Fighting
  3004 | D:4      | Reached skill level 8 in Unarmed Combat
  3016 | D:4      | Found a staircase to the Ecumenical Temple.
  3224 | D:5      | Entered Level 5 of the Dungeon
  3312 | D:5      | Got a slimy trident
  3612 | D:5      | Reached XP level 8. HP: 52/80 MP: 8/8
  3774 | D:5      | Identified the +4 trident of the Singing Firefly {pain,
                  | *Slow Str+5} (You found it on level 5 of the Dungeon)
  3822 | D:6      | Reached skill level 9 in Unarmed Combat
  4113 | D:6      | Reached skill level 10 in Unarmed Combat
  4202 | D:6      | Reached XP level 9. HP: 79/91 MP: 9/9
  4307 | D:6      | Identified the Papyrus of the Entourage
  4465 | D:6      | Noticed a balrug
  4466 | D:6      | Found a burning altar of Makhleb.
  4487 | D:6      | Found a glowing silver altar of Zin.
  4487 | D:6      | Noticed an angel
  4584 | D:6      | Found the +2 ratskin cloak {+Rats rN+}
  4748 | D:7      | Found a sand-covered staircase.
  4753 | Ossuary  | Entered an ossuary
  4801 | Ossuary  | Reached ***** piety under Wu Jian
  5019 | D:7      | Reached skill level 1 in Evocations
  5029 | D:7      | Reached skill level 11 in Unarmed Combat
  5994 | D:9      | Noticed Pikel
  5994 | D:9      | Noticed a troll
  6006 | D:8      | Killed a troll
  6006 | D:8      | Reached XP level 10. HP: 75/102 MP: 10/10
  6030 | D:9      | Killed Pikel
  6040 | D:9      | Reached skill level 12 in Unarmed Combat
  6210 | D:9      | Found a staircase to the Lair.
  6298 | D:9      | Noticed Nergalle
  6313 | D:9      | Killed Nergalle
  6346 | D:9      | Noticed Maurice
  6357 | D:9      | Killed Maurice
  6389 | D:9      | Reached skill level 13 in Unarmed Combat
  6455 | D:9      | Noticed a three-headed hydra
  6465 | D:9      | HP: 1/104 [nine-headed hydra (9)]
  6467 | D:9      | Slain by an 11-headed hydra

Skill      XL: |  1  2  3  4  5  6  7  8  9 10 |
---------------+-------------------------------+-----
Fighting       | 3 4 5 6 7 8 |  8.3
Unarmed Combat | 5 6 7 8 10 11 13 | 13.1
Evocations     | 2 4 |  4.2
Dodging        | |  2.4
Stealth        | |  0.4
Spellcasting   | |  1.0
Hexes          | |  1.0

Action                   |  1- 3 |  4- 6 |  7- 9 | 10-12 || total
-------------------------+-------+-------+-------+-------++-------
Melee: Unarmed           |   102 |   128 |   322 |   113 ||   665
       Punch             |       |     2 |    18 |     7 ||    27
Invok: Lunge             |    18 |    14 |    32 |     1 ||    65
       Whirlwind         |    11 |    27 |    16 |    10 ||    64
Evoke: Wand              |       |       |       |     1 ||     1
  Use: Scroll            |       |       |     9 |       ||     9
       Potion            |       |       |     1 |       ||     1
 Stab: Sleeping          |     2 |     2 |    16 |       ||    20
       Distracted        |       |     1 |     2 |       ||     3
  Eat: Chunk             |    13 |    10 |    24 |     5 ||    52
Armor: Skin              |    19 |    23 |    87 |    55 ||   184
Dodge: Dodged            |    17 |    31 |   119 |    80 ||   247
